Unix NetHack Version 5.0.0-0 post-release - last build Jun 10 2026 00:39:30 (3ee93aec679c4c4259841fe613dc97188e26a321,branch:main).

Game began 2026-06-12 03:47:55, ended 2026-06-12 04:39:56.

Flipup, neutral male human Barbarian

               -----
      ---     --...--
     --.------|.....|
     |.)...*..|.....|
     |...----..[%.---
     |.|.........------------
     |.|-------....<........|
     |.| -----...)-..------.|
     |.|--.)..........--  |.|
     |.|...............|  |.|
     |.|...............-- |.#---   ----    .....
     |..--..............# |....--- |..|    .......
     --.|----......--...|#|-...).---..--   -#-........
     --.|   |......|--.-| #.%..........--    #--....^.
    --..|   |......--|..--|.............>|    #--.---.......
    |...------.|....||...|--..      .....------C--..........
   --.......|----..---...|--................).@...%%...%%)..
   |........|   ----|...--|.........................-----.!|
   --.---.---       --..| |.--------.|..-------------   ----
    --- ---          ---- ---      ------
Flipup the Bandit          St:18/01 Dx:16 Co:17 In:7 Wi:8 Ch:8  Neutral
Dlvl:7  $:117 HP:0(67) Pw:16(16) AC:7  Xp:7 T:3955 

Latest messages:
 It's a wall.
 It's a wall.
 It's solid stone.
 It's solid stone.
 It's solid stone.
 You kill the gnome!
 There are several objects here.
 There are several objects here.
 There is a gnome corpse here; eat it? [ynq] (n) y
 This gnome corpse is tough.
 You finish eating the gnome corpse.
 It's a wall.
 You are hit by a crossbow bolt.
 You are hit by a crossbow bolt.
 A crossbow bolt misses you.
 You are hit by a crossbow bolt.
 The plains centaur swings his crossbow.
 The plains centaur hits!
 The plains centaur just misses!
 The plains centaur swings his crossbow.
 The plains centaur hits!
 The plains centaur kicks!
 You smite the plains centaur!
 The plains centaur drinks a dark green potion!
 The plains centaur looks completely healed.
 The plains centaur swings his crossbow.
 The plains centaur hits!
 The plains centaur kicks!
 You smite the plains centaur!
 The plains centaur swings his crossbow.
 The plains centaur hits!
 The plains centaur kicks!
 What do you want to zap? [B or ?*] B
 In what direction? u
 The plains centaur swings his crossbow.
 The plains centaur hits!
 The plains centaur kicks!
 You smite the plains centaur!
 The plains centaur swings his crossbow.
 The plains centaur hits!
 The plains centaur kicks!
 The plains centaur swings his crossbow.
 The plains centaur hits!
 The plains centaur kicks!
 You die...
 Do you want your possessions identified? [ynq] (y) n
 Do you want to see your attributes? [ynq] (y) n
 Do you want an account of creatures vanquished? [ynaq] (y) n
 Do you want to see your conduct and achievements? [ynq] (y) n
 Do you want to see the dungeon overview? [ynq] (y) n

Inventory:
 Coins    ('$')
  $ - 117 gold pieces
 Weapons  (')')
  a - a corroded +0 battle-axe (weapon in hands)
  b - a +0 short sword (alternate weapon; not wielded)
 Armor    ('[')
  c - a blessed +0 ring mail (being worn)
 Scrolls  ('?')
  m - an uncursed scroll of charging
  n - a cursed scroll of enchant armor
  p - a cursed scroll of gold detection
 Spellbooks  ('+')
  g - an uncursed spellbook of protection
 Potions  ('!')
  o - a cursed potion of gain energy
  f - 2 blessed potions of healing
  v - an uncursed potion of levitation
 Wands    ('/')
  B - a wand of cancellation (0:7)
 Tools    ('(')
  w - an empty uncursed bag of holding
  l - an uncursed lock pick
  z - an uncursed skeleton key
  u - an uncursed tin whistle

Flipup the Barbarian's attributes:

Background:
 You were a Bandit, a level 7 male human Barbarian.
 You were neutral, nominally on a mission for Crom
 who was opposed by Mitra (lawful) and Set (chaotic).
 You were right-handed.
 You were in the Gnomish Mines, on level 7.
 You entered the dungeon 3955 turns ago.
 It was nighttime.
 You had 772 experience points, 508 more were needed to attain level 8.

Basics:
 You had 0 out of 67 hit points.
 You had all 16 energy points (spell power).
 Your armor class was 7.
 Your wallet contained 117 zorkmids.
 Autopickup was off.

Final Characteristics:
 Your strength was 18/01 (limit:18/100).
 Your dexterity was 16 (limit:18).
 Your constitution was 17 (limit:18).
 Your intelligence was 7 (limit:18).
 Your wisdom was 8 (limit:18).
 Your charisma was 8 (limit:18).

Final Status:
 You weren't hungry.
 You were unencumbered.
 You were wielding an axe.
 You were skilled in axe.

Final Attributes:
 You were piously aligned.
 You were poison resistant.
 You were warded.
 You were fast.
 You are dead.

Miscellaneous:
 You didn't encounter any bones levels.
 Total elapsed playing time was 51 minutes and 35 seconds.

Major events:
 Turn
    1: Flipup the neutral male human Barbarian entered the dungeon
  911: entered the Gnomish Mines
  915: attained the rank of Pillager (level 3)
 2025: reached Mine Town
 2610: attained the rank of Bandit (level 6)
 3955: killed by a plains centaur

You didn't know any spells.

Skills:
 Fighting Skills
   bare handed combat [Basic]
   two weapon combat  [Unskilled]
   riding             [Unskilled]
 Weapon Skills
   dagger             [Unskilled]
   axe                [Skilled]
   pick-axe           [Unskilled]
   short sword        [Basic]
   broadsword         [Unskilled]
   long sword         [Unskilled]
   two-handed sword   [Unskilled]
   saber              [Unskilled]
   club               [Unskilled]
   mace               [Unskilled]
   morning star       [Unskilled]
   flail              [Unskilled]
   hammer             [Unskilled]
   quarterstaff       [Unskilled]
   spear              [Unskilled]
   trident            [Unskilled]
   bow                [Unskilled]
 Spellcasting Skills
   attack spells      [Unskilled]
   escape spells      [Unskilled]

Voluntary challenges:
 Character rerolling was not enabled.
 You were an atheist.
 You never genocided any monsters.
 You never polymorphed an object.
 You never changed form.
 You used no wishes.
Achievements:
 You entered the Gnomish Mines.
 You attained the rank of Pillager.
 You entered Minetown.
 You attained the rank of Bandit.

 The Dungeons of Doom: levels 1 to 2
    Level 1:
       A grave.
    Level 2:
       Some fountains.
       Stairs down to The Gnomish Mines.
 The Gnomish Mines: levels 3 to 7
    Level 3:
    Level 4:
    Level 5:
       An altar, a fountain.
    Level 6:
    Level 7: <- You were here.
       Final resting place for
          you, killed by a plains centaur.
 The Tutorial:
    Level 1:
       A tree.


Vanquished creatures:
  a spotted jelly
 an iron piercer
 an orc mummy
  a werewolf
  a dwarf leader
  a snake
  2 bugbears
  a Mordor orc
 an Uruk-hai
  a fog cloud
  6 gnome leaders
  a gnomish wizard
  a straw golem
  9 dwarves
  2 hill orcs
  3 rothes
  a giant bat
 an orc zombie
  a wererat
  2 iguanas
  a hobbit
 an orc
  a green mold
 34 gnomes
  a gnome zombie
  4 geckos
 10 jackals
  3 goblins
  4 grid bugs
  5 lichens
  a kobold zombie
  4 newts
107 creatures vanquished.

No species were genocided or became extinct.

Game over:
                       ----------
                      /          \
                     /    REST    \
                    /      IN      \
                   /     PEACE      \
                  /                  \
                  |      Flipup      |
                  |      117 Au      |
                  |   killed by a    |
                  |  plains centaur  |
                  |                  |
                  |                  |
                  |       2026       |
                 *|     *  *  *      | *
        _________)/\\_//(\/(/\)/\//\/|_)_______

Goodbye Flipup the Barbarian...

You died in The Gnomish Mines on dungeon level 7 with 3494 points,
and 117 pieces of gold, after 3955 moves.
You were level 7 with a maximum of 67 hit points when you died.

